 Dungeon Crawl Stone Soup version 0.23.2-33-g5129a83184 (webtiles) character file.

Game seed: 18072245618056082514

485 Felnil the Shield-Bearer (level 6, -9/47 HPs)
             Began as a Mummy Fighter on Aug 6, 2019.
             Mangled by sallazang's ghost (16 damage)
             ... on level 4 of the Dungeon.
             The game lasted 00:15:04 (4136 turns).

Felnil the Shield-Bearer (Mummy Fighter)            Turns: 4136, Time: 00:15:05

Health: -9/47      AC:  8    Str: 21    XL:     6   Next: 88%
Magic:  6/6        EV:  6    Int:  8    God:
Gold:   141        SH: 15    Dex: 11    Spells: 5/5 levels left

rFire    x . .     SeeInvis .   m - +3 mace (distort)
rCold    + . .     Gourm    .   k - +0 large shield
rNeg     + + +     Faith    +   b - +0 scale mail
rPois    ∞         Spirit   .   (no helmet)
rElec    .         Reflect  .   (no cloak)
rCorr    .         Harm     .   (no gloves)
MR       .....                  o - +1 pair of boots
Stlth    ..........             f - amulet of faith
HPRegen  0.15/turn              (no ring)
MPRegen  0.10/turn              (no ring)

@: about to teleport
A: no food or potions, fire vulnerability, cold resistance 1, negative energy
resistance 3, torment resistance, unbreathing
a: no special abilities


You were on level 4 of the Dungeon.
You were not hungry.

You visited 1 branch of the dungeon, and saw 4 of its levels.

You collected 141 gold pieces.

Inventory:

Hand Weapons
 a - a +0 war axe
 m - a +3 mace of distortion (weapon)
Armour
 b - a +0 scale mail (worn)
 c - a +0 shield
 k - a +0 large shield (worn)
 o - a +1 pair of boots (worn)
Jewellery
 f - an amulet of faith (around neck)
Wands
 n - a wand of flame (9)
Scrolls
 e - 2 scrolls of identify
 g - 2 scrolls of magic mapping
 i - 2 scrolls of teleportation


   Skills:
 - Level 3.0 Fighting
 - Level 1.5 Axes
 - Level 2.4 Armour
 + Level 6.5 Shields


You had 5 spell levels left.
You didn't know any spells.
Your spell library contained the following spells:

 Spells                   Type           Power        Failure   Level  Hunger
 Corona                   Hex            #......      100%        1    N/A
 Ensorcelled Hibernation  Hex/Ice        #.....       100%        2    N/A
 Confuse                  Hex            #.......     100%        3    N/A
 Dazzling Spray           Conj/Hex       #.....       100%        3    N/A
 Tukima's Dance           Hex            #.......     100%        3    N/A

Dungeon Overview and Level Annotations

Branches:
Dungeon (4/15)
 Temple: D:4-7

Altars:
Kikubaaqudgha
Wu Jian
The Shining One

Annotations:
D:4 sallazang's ghost, novice HOFi


Innate Abilities, Weirdness & Mutations

You do not eat or drink.
Your flesh is vulnerable to fire.
You are immune to poison.
Your flesh is cold resistant. (rC+)
You are immune to negative energy. (rN+++)
You are immune to unholy pain and torment.
You can survive without breathing.


Message History

You block the quasit's attack. You block sallazang's ghost's attack.
The quasit bites you but does no damage.
The quasit claws you but does no damage. x2
You block sallazang's ghost's attack.
You hit the quasit.
The quasit looks slightly unstable.
The quasit is moderately wounded.
You block the quasit's attack. x2
The quasit claws you but does no damage.
Sallazang's ghost hits you but does no damage.
The quasit bites you. You block the quasit's attack.
The quasit claws you but does no damage.
Your shield prevents you from hitting the quasit.
The quasit is moderately wounded.
The quasit disappears!
Sallazang's ghost hits you!
* * * LOW HITPOINT WARNING * * *
Sallazang's ghost hits you.
* * * LOW HITPOINT WARNING * * *
As you read the scroll of teleportation, it crumbles to dust.
You feel strangely unstable. Sallazang's ghost hits you!
You die...

............#..............#.####
..#...........#####...###.##.....
##..........###.5.###..##...# ..
##..........#.......##....#.##...
##..........#...#.#..#.##.#.#....
............#...#.#.$#.##........
#..........##.#.....##..###......
#.......... .#...#..#.(........).
##......... #@.=%#©..###......
##..####. #....W#$#.(.#####....
#..### #.#...#.##.###.......
#....# # .##.#. #.# ####..
#.##.## .( .? #...###....#
#.##..# #.. #.. #.........>#
#.#.......## ... .....##....#
#!#.§......# ##.##.....####...
#.#......#.. ##### ###.


You could see sallazang's ghost.

Vanquished Creatures
  The ghost of FishyPogo the Poker, a weakling MfSk (D:3)
  2 quasits (D:4)
  Crazy Yiuf (D:4)
  An iguana (D:4)
  Natasha (thrice) (D:3)
  2 orc wizards (D:4)
  A killer bee zombie (D:2)
  4 adders
  3 worms
  2 dart slugs (D:2)
  6 leopard geckos
  11 orcs
  2 ball pythons
  5 bats
  5 giant cockroaches
  10 goblins
  19 hobgoblins
  2 quokkas
  3 frilled lizards
  8 kobolds
  6 rats
97 creatures vanquished.

Vanquished Creatures (others)
  A howler monkey (D:4)
  An orc (D:3)
2 creatures vanquished.

Grand Total: 99 creatures vanquished

Notes
Turn   | Place    | Note
-------+----------+-------------------------------------------
     0 | D:1      | Felnil the Mummy Fighter began the quest for the Orb.
     0 | D:1      | Reached XP level 1. HP: 18/18 MP: 1/1
    99 | D:1      | Reached XP level 2. HP: 16/24 MP: 2/2
   242 | D:1      | Reached skill level 3 in Shields
   671 | D:1      | Found a glowing golden altar of the Shining One.
   737 | D:1      | Reached XP level 3. HP: 27/29 MP: 3/3
  1109 | D:2      | Reached skill level 4 in Shields
  1109 | D:2      | Reached XP level 4. HP: 17/35 MP: 4/4
  1944 | D:3      | Found an ancient bone altar of Kikubaaqudgha.
  2012 | D:3      | Found an ornate altar of the Wu Jian Council.
  2090 | D:3      | Reached XP level 5. HP: 35/41 MP: 5/5
  2293 | D:3      | Noticed Natasha
  2465 | D:3      | Killed Natasha
  2465 | D:3      | Reached skill level 5 in Shields
  2665 | D:3      | Noticed Natasha
  2915 | D:3      | Found a large runed translucent door.
  2915 | D:3      | Found a large runed translucent door.
  2917 | D:3      | Noticed FishyPogo's ghost (weakling MfSk)
  3082 | D:3      | Killed Natasha
  3225 | D:3      | Noticed Natasha
  3232 | D:3      | Killed Natasha
  3409 | D:3      | Killed FishyPogo's ghost
  3591 | D:4      | Reached XP level 6. HP: 46/47 MP: 6/6
  3750 | D:4      | Found a runed translucent door.
  3751 | D:4      | Noticed Crazy Yiuf
  3756 | D:4      | Killed Crazy Yiuf
  3756 | D:4      | Reached skill level 6 in Shields
  4037 | D:4      | Noticed sallazang's ghost (novice HOFi)
  4045 | D:4      | Found a transporter.
  4136 | D:4      | Mangled by sallazang's ghost

Skill      XL: |  1  2  3  4  5  6 |
---------------+-------------------+-----
Shields        | 3 4 5 6 |  6.5
Fighting       | |  3.0
Axes           | |  1.5
Armour         | |  2.4

Action                   |  1- 3 |  4- 6 || total
-------------------------+-------+-------++-------
Melee: War axe           |   134 |    60 ||   194
       Mace              |       |   165 ||   165
Evoke: Wand              |       |     7 ||     7
  Use: Scroll            |       |    14 ||    14
Armor: Scale mail        |    83 |   104 ||   187
Dodge: Dodged            |    60 |    40 ||   100
Block: Shield            |    75 |       ||    75
       Large shield      |    15 |   184 ||   199
